NCAA
CLEMSON TIGERS @ BAYLOR BEARS
03/29/2060
 
TOP OF THE 1ST
Clemson Tigers batting - Pitching for Baylor Bears : RHP Johnny Cologna
Pitching: RHP Johnny Cologna
Batting: SHB Brendan Stafford 0-0: Called Strike
0-1: Ball
1-1: Ball
2-1: Swinging Strike
2-2: Strikes out looking
Batting: RHB Bryce Zinno 0-0: Ball
1-0: SINGLE (Line Drive, 9S, EV 95.6 MPH)
Batting: RHB Deontae Dennis 0-0: Ball
1-0: Called Strike
Balk!
Bryce Zinno to second
1-1: Ball
2-1: Foul Ball, location: 2F
2-2: Fly out, F7 (Flyball, 7S, EV 90.0 MPH)
Batting: LHB Jay Sharpe 0-0: Ball
1-0: Called Strike
1-1: Called Strike
1-2: Ball
2-2: Strikes out swinging
Top of the 1st over - 0 runs, 1 hit, 0 errors, 1 left on base; Clemson 0 - Baylor 0
BOTTOM OF THE 1ST
Baylor Bears batting - Pitching for Clemson Tigers : RHP Janard Almanza
Pitching: RHP Janard Almanza
Batting: RHB Jeremy Todd 0-0: Fly out, F4 (Popup, 23, EV 85.0 MPH)
Batting: RHB Johnathan de Jesus 0-0: SOLO HOME RUN (Line Drive, 8LXD, EV 113.1 MPH), Distance : 449 ft
Batting: LHB Ray Figgins 0-0: Called Strike
0-1: Ball
1-1: Foul Ball, location: 2F
1-2: Ball
2-2: Foul Ball, location: 2F
2-2: TRIPLE (Flyball, 78XD, EV 109.4 MPH)
Batting: LHB Dave Arnett 0-0: Hit by Pitch
Batting: RHB Chase Terbush 0-0: Ball
1-0: Fielders Choice at 2nd, 4-6 (Groundball, 4, EV 85.6 MPH)
Ray Figgins scores
Batting: RHB Fred Levitz 0-0: Ball
1-0: Ball
2-0: Ball
3-0: Called Strike
3-1: Called Strike
3-2: Foul Ball, location: 2F
3-2: Fly out, F5 (Popup, 56, EV 63.1 MPH)
Bottom of the 1st over - 2 runs, 2 hits, 0 errors, 1 left on base; Clemson 0 - Baylor 2
TOP OF THE 2ND
Clemson Tigers batting - Pitching for Baylor Bears : RHP Johnny Cologna
Batting: RHB Augustus Christensen 0-0: Called Strike
0-1: Swinging Strike
0-2: Ball
1-2: Strikes out swinging
Batting: LHB Malik Williams 0-0: Swinging Strike
0-1: Ball
1-1: Ball
2-1: Foul Ball, location: 2F
2-2: Ball
3-2: Base on Balls
Batting: SHB Layne Cress 0-0: Called Strike
Malik Williams steals 2nd base
0-1: Swinging Strike
0-2: Strikes out swinging
Batting: LHB Nat Ayala 0-0: Called Strike
0-1: Swinging Strike
0-2: Foul Ball, location: 2F
0-2: Ball
1-2: Ball
2-2: Fly out, F9 (Flyball, 9S, EV 97.5 MPH)
Top of the 2nd over - 0 runs, 0 hits, 0 errors, 1 left on base; Clemson 0 - Baylor 2
BOTTOM OF THE 2ND
Baylor Bears batting - Pitching for Clemson Tigers : RHP Janard Almanza
Batting: SHB Rhys Graham 0-0: Ball
1-0: Fly out, F8 (Flyball, 8RD, EV 89.4 MPH)
Batting: RHB Benjamin Ericson 0-0: Ball
1-0: Ball
2-0: Ball
3-0: Called Strike
3-1: Called Strike
3-2: Foul Ball, location: 2F
3-2: Strikes out swinging
Batting: RHB Tate Fitzgerald 0-0: Ball
1-0: Ball
2-0: Ground out 6-3 (Groundball, 6, EV 103.8 MPH)
Bottom of the 2nd over - 0 runs, 0 hits, 0 errors, 0 left on base; Clemson 0 - Baylor 2
TOP OF THE 3RD
Clemson Tigers batting - Pitching for Baylor Bears : RHP Johnny Cologna
Batting: RHB Collin Teel 0-0: Ball
1-0: Ball
2-0: Called Strike
2-1: Ball
3-1: Base on Balls
Batting: SHB Brendan Stafford 0-0: Swinging Strike
0-1: Foul Ball, location: 2F
0-2: Strikes out looking
Batting: RHB Bryce Zinno 0-0: Foul Ball, location: 2F
0-1: Ball
1-1: Called Strike
1-2: Ball
2-2: SINGLE (Line Drive, 89S, EV 91.9 MPH)
Collin Teel to second
Batting: RHB Deontae Dennis 0-0: Ball
1-0: Ball
2-0: Ball
3-0: Base on Balls
Collin Teel to third
Bryce Zinno to second
Batting: LHB Jay Sharpe 0-0: Ball
1-0: Ball
2-0: Ball
3-0: Called Strike
3-1: Called Strike
3-2: DOUBLE (Line Drive, 78M, EV 99.4 MPH)
Collin Teel scores
Bryce Zinno scores
Deontae Dennis to third
Runner from 3rd tries for Home, throw by LF and OUT! 7-6-2
Jay Sharpe to third
Batting: RHB Augustus Christensen 0-0: Ball
1-0: Swinging Strike
1-1: Swinging Strike
1-2: Ball
2-2: Foul Ball, location: 2F
2-2: Fly out, F7 (Flyball, 7S, EV 89.4 MPH)
Top of the 3rd over - 2 runs, 2 hits, 0 errors, 1 left on base; Clemson 2 - Baylor 2
BOTTOM OF THE 3RD
Baylor Bears batting - Pitching for Clemson Tigers : RHP Janard Almanza
Batting: RHB Jeremy Todd 0-0: Called Strike
0-1: Ball
1-1: Ball
2-1: Fly out, F9 (Flyball, 9, EV 73.1 MPH)
Batting: RHB Johnathan de Jesus 0-0: Foul Ball, location: 2F
0-1: Called Strike
0-2: Ball
1-2: Ball
2-2: Reached on error, E3 (Groundball, 34S, EV 84.4 MPH)
Batting: LHB Ray Figgins 0-0: DOUBLE (Groundball, 3L, EV 102.5 MPH)
Johnathan de Jesus to third
Batting: LHB Dave Arnett 0-0: Ball
1-0: Ball
2-0: Ground out 1-3 (Groundball, 13S, EV 69.4 MPH)
Batting: RHB Chase Terbush 0-0: Ball
1-0: Ball
2-0: Called Strike
2-1: Foul Ball, location: 2F
2-2: Ground out 6-3 (Groundball, 56, EV 101.2 MPH)
Bottom of the 3rd over - 0 runs, 1 hit, 1 error, 2 left on base; Clemson 2 - Baylor 2
TOP OF THE 4TH
Clemson Tigers batting - Pitching for Baylor Bears : RHP Johnny Cologna
Batting: LHB Malik Williams 0-0: Called Strike
0-1: Ball
1-1: Ball
2-1: Called Strike
2-2: Foul Ball, location: 2F
2-2: Strikes out swinging
Batting: SHB Layne Cress 0-0: Called Strike
0-1: Fly out, F4 (Line Drive, 4MD, EV 72.5 MPH)
Batting: LHB Nat Ayala 0-0: SINGLE (Groundball, 6D, EV 94.4 MPH)
Batting: RHB Collin Teel 0-0: Called Strike
0-1: SINGLE (Groundball, 6S, EV 68.8 MPH) (infield hit)
Nat Ayala to second
Batting: SHB Brendan Stafford 0-0: Foul Ball, location: 2F
0-1: Foul Ball, location: 2F
0-2: SINGLE (Flyball, 89S, EV 101.9 MPH)
Nat Ayala to third
Collin Teel to second
Runner from 3rd tries for Home, throw by CF and OUT! 8-2
Top of the 4th over - 0 runs, 3 hits, 0 errors, 2 left on base; Clemson 2 - Baylor 2
BOTTOM OF THE 4TH
Baylor Bears batting - Pitching for Clemson Tigers : RHP Janard Almanza
Batting: RHB Fred Levitz 0-0: Foul Ball, location: 2F
0-1: Ball
1-1: Ball
2-1: Fly out, F9 (Flyball, 9S, EV 85.0 MPH)
Batting: SHB Rhys Graham 0-0: Swinging Strike
0-1: Foul Ball, location: 2F
0-2: Foul Ball, location: 2F
0-2: Ball
1-2: Ball
2-2: Ground out 4-3 (Groundball, 4, EV 83.8 MPH)
Batting: RHB Benjamin Ericson 0-0: Ball
1-0: Called Strike
1-1: Ball
2-1: Ball
3-1: Called Strike
3-2: Foul Ball, location: 2F
3-2: Strikes out swinging
Bottom of the 4th over - 0 runs, 0 hits, 0 errors, 0 left on base; Clemson 2 - Baylor 2
TOP OF THE 5TH
Clemson Tigers batting - Pitching for Baylor Bears : RHP Johnny Cologna
Batting: RHB Bryce Zinno 0-0: Ground out 1-3 (Groundball, 34S, EV 73.8 MPH)
Pitching: RHP Parker Thrall
Batting: RHB Deontae Dennis 0-0: Foul Ball, location: 2F
0-1: Ball
1-1: SINGLE (Line Drive, 78M, EV 90.0 MPH)
Batting: LHB Jay Sharpe 0-0: Called Strike
0-1: Ball
1-1: Ball
2-1: Ball
3-1: Swinging Strike
3-2: Base on Balls
Deontae Dennis to second
Batting: RHB Augustus Christensen 0-0: Called Strike
0-1: Ball
1-1: Ball
2-1: DOUBLE (Line Drive, 78D, EV 106.2 MPH)
Deontae Dennis scores
Jay Sharpe to third
Batting: LHB Malik Williams 0-0: Ball
1-0: Ball
2-0: DOUBLE (Line Drive, 9LM, EV 109.4 MPH)
Jay Sharpe scores
Augustus Christensen scores
Pitching: RHP Kavon Venegas
Batting: SHB Layne Cress 0-0: Ball
1-0: Called Strike
1-1: Ball
2-1: Ball
3-1: Base on Balls
Batting: LHB Nat Ayala 0-0: Ball
1-0: Called Strike
1-1: Swinging Strike
1-2: SINGLE (Flyball, 7S, EV 95.6 MPH)
Malik Williams to third
Layne Cress to second
Runner from 3rd tries for Home, throw by LF and OUT! 7-2
Batting: RHB Collin Teel 0-0: Ball
1-0: Ground out U3 (Groundball, 13, EV 89.4 MPH)
Top of the 5th over - 3 runs, 4 hits, 0 errors, 2 left on base; Clemson 5 - Baylor 2
BOTTOM OF THE 5TH
Baylor Bears batting - Pitching for Clemson Tigers : RHP Janard Almanza
Batting: RHB Tate Fitzgerald 0-0: Called Strike
0-1: Ball
1-1: Ground out 5-3 (Groundball, 5S, EV 73.1 MPH)
Batting: RHB Jeremy Todd 0-0: Foul Ball, location: 2F
0-1: Called Strike
0-2: Ball
1-2: Ball
2-2: SINGLE (Line Drive, 89M, EV 91.2 MPH)
Batting: RHB Johnathan de Jesus 0-0: Ball
1-0: Ball
2-0: Called Strike
2-1: Ball
3-1: DOUBLE (Line Drive, 9LS, EV 114.4 MPH)
Jeremy Todd to third
Batting: LHB Ray Figgins 0-0: Called Strike
0-1: Foul Ball, location: 2F
0-2: Foul Ball, location: 2F
0-2: Ball
1-2: Strikes out swinging
Pitching: LHP Cody Gronewold
Pinch Hitting: RHB Eli Potter 0-0: Fly out, F7 (Flyball, 7, EV 91.2 MPH)
Bottom of the 5th over - 0 runs, 2 hits, 0 errors, 2 left on base; Clemson 5 - Baylor 2
TOP OF THE 6TH
Clemson Tigers batting - Pitching for Baylor Bears : RHP Kavon Venegas
Now in RF: Eli Potter
Batting: SHB Brendan Stafford 0-0: Called Strike
0-1: Ground out 6-3 (Groundball, 6, EV 98.1 MPH)
Batting: RHB Bryce Zinno 0-0: Ball
1-0: Ball
2-0: Ground out 6-3 (Groundball, 6, EV 81.9 MPH)
Batting: RHB Deontae Dennis 0-0: Called Strike
0-1: Ball
1-1: Called Strike
1-2: Foul Ball, location: 2F
1-2: Fly out, F8 (Flyball, 8LS, EV 91.2 MPH)
Top of the 6th over - 0 runs, 0 hits, 0 errors, 0 left on base; Clemson 5 - Baylor 2
BOTTOM OF THE 6TH
Baylor Bears batting - Pitching for Clemson Tigers : LHP Cody Gronewold
Batting: RHB Chase Terbush 0-0: Foul Ball, location: 2F
0-1: Ball
1-1: SOLO HOME RUN (Flyball, 9D, EV 100.0 MPH), Distance : 365 ft
Batting: RHB Fred Levitz 0-0: Called Strike
0-1: Called Strike
0-2: Ball
1-2: Foul Ball, location: 2F
1-2: Strikes out swinging
Batting: SHB Rhys Graham 0-0: Ball
1-0: SINGLE (Groundball, 4MD, EV 110.6 MPH) (infield hit)
Batting: RHB Benjamin Ericson 0-0: Fly out, F8 (Flyball, 78M, EV 92.5 MPH)
Batting: RHB Tate Fitzgerald 0-0: Ball
1-0: SINGLE (Line Drive, 34D, EV 102.5 MPH)
Rhys Graham to second
Batting: RHB Jeremy Todd 0-0: Ball
1-0: Swinging Strike
1-1: Ball
2-1: Swinging Strike
2-2: Foul Ball, location: 2F
2-2: Ball
3-2: Base on Balls
Rhys Graham to third
Tate Fitzgerald to second
Batting: RHB Johnathan de Jesus 0-0: Ball
1-0: Ball
2-0: Swinging Strike
2-1: Fly out, F7 (Flyball, 78S, EV 85.6 MPH)
Bottom of the 6th over - 1 run, 3 hits, 0 errors, 3 left on base; Clemson 5 - Baylor 3
TOP OF THE 7TH
Clemson Tigers batting - Pitching for Baylor Bears : RHP Kavon Venegas
Batting: LHB Jay Sharpe 0-0: Foul Ball, location: 2F
0-1: Foul Ball, location: 2F
0-2: Ball
1-2: Ball
2-2: Reached on error, E6 (Groundball, 6, EV 81.9 MPH)
Batting: RHB Augustus Christensen 0-0: Ball
Jay Sharpe is caught stealing 2nd base 2-4
1-0: DOUBLE (Flyball, 89D, EV 93.1 MPH)
Batting: LHB Malik Williams 0-0: Ball
1-0: Ball
2-0: Ball
3-0: Called Strike
3-1: Base on Balls
Batting: SHB Layne Cress 0-0: Swinging Strike
0-1: Ball
1-1: Called Strike
1-2: Strikes out swinging
Batting: LHB Nat Ayala 0-0: Foul Ball, location: 2F
0-1: Ball
1-1: Swinging Strike
1-2: Strikes out looking
Top of the 7th over - 0 runs, 1 hit, 1 error, 2 left on base; Clemson 5 - Baylor 3
BOTTOM OF THE 7TH
Baylor Bears batting - Pitching for Clemson Tigers : LHP Cody Gronewold
Batting: LHB Ray Figgins 0-0: Ball
1-0: Ground out 4-3 (Groundball, 4, EV 86.9 MPH)
Batting: RHB Eli Potter 0-0: SINGLE (Groundball, 6MD, EV 98.8 MPH)
Batting: RHB Chase Terbush 0-0: SINGLE (Line Drive, 56D, EV 98.8 MPH)
Eli Potter to second
Batting: RHB Fred Levitz 0-0: Called Strike
0-1: Ball
Wild Pitch!
Eli Potter to third
Chase Terbush to second
1-1: Foul Ball, location: 2F
1-2: Ball
2-2: Ball
3-2: Fly out, F8 (Flyball, 8RXD, EV 105.6 MPH)
Runner from 3rd tags up, SCORES, no throw by CF
Chase Terbush to third
Batting: SHB Rhys Graham 0-0: Called Strike
0-1: Foul Ball, location: 2F
0-2: Ball
1-2: Foul Ball, location: 2F
1-2: Ball
2-2: Strikes out looking
Bottom of the 7th over - 1 run, 2 hits, 0 errors, 1 left on base; Clemson 5 - Baylor 4
TOP OF THE 8TH
Clemson Tigers batting - Pitching for Baylor Bears : RHP Kavon Venegas
Batting: RHB Collin Teel 0-0: Ball
1-0: Swinging Strike
1-1: Fly out, F2 (Popup, 5SF, EV 80.6 MPH)
Batting: SHB Brendan Stafford 0-0: Called Strike
0-1: Foul Ball, location: 2F
0-2: Ball
1-2: Ball
2-2: SINGLE (Line Drive, 6MD, EV 95.6 MPH)
Pitching: LHP Bryan Morales
Batting: RHB Bryce Zinno 0-0: Called Strike
Brendan Stafford is caught stealing 2nd base 2-4
0-1: Foul Ball, location: 2F
0-2: Ball
1-2: Foul Ball, location: 2F
1-2: Foul Ball, location: 2F
1-2: Ball
2-2: SINGLE (Line Drive, 4D, EV 97.5 MPH)
Batting: RHB Deontae Dennis 0-0: Called Strike
0-1: Called Strike
0-2: Fly out, F7 (Flyball, 78M, EV 72.5 MPH)
Top of the 8th over - 0 runs, 2 hits, 0 errors, 1 left on base; Clemson 5 - Baylor 4
BOTTOM OF THE 8TH
Baylor Bears batting - Pitching for Clemson Tigers : LHP Cody Gronewold
Batting: RHB Benjamin Ericson 0-0: Ball
1-0: Fly out, F9 (Flyball, 9LMF, EV 77.5 MPH)
Batting: RHB Tate Fitzgerald 0-0: Foul Ball, location: 2F
0-1: Ball
1-1: Fly out, F3 (Popup, 3SF, EV 79.4 MPH)
Batting: RHB Jeremy Todd 0-0: Called Strike
0-1: Ball
1-1: Swinging Strike
1-2: Ball
2-2: Ball
3-2: Foul Ball, location: 2F
3-2: Strikes out swinging
Bottom of the 8th over - 0 runs, 0 hits, 0 errors, 0 left on base; Clemson 5 - Baylor 4
TOP OF THE 9TH
Clemson Tigers batting - Pitching for Baylor Bears : LHP Bryan Morales
Batting: LHB Jay Sharpe 0-0: Ball
1-0: Ball
2-0: Fly out, F9 (Flyball, 9S, EV 86.2 MPH)
Batting: RHB Augustus Christensen 0-0: Called Strike
0-1: Called Strike
0-2: Ball
1-2: Fly out, F8 (Flyball, 89D, EV 80.0 MPH)
Batting: LHB Malik Williams 0-0: Called Strike
0-1: Swinging Strike
0-2: Ball
1-2: Strikes out looking
Top of the 9th over - 0 runs, 0 hits, 0 errors, 0 left on base; Clemson 5 - Baylor 4
BOTTOM OF THE 9TH
Baylor Bears batting - Pitching for Clemson Tigers : LHP Cody Gronewold
Pitching: RHP Spencer Ivey
Batting: RHB Johnathan de Jesus 0-0: Called Strike
0-1: Called Strike
0-2: Ball
1-2: Foul Ball, location: 2F
1-2: Ground out 6-3 (Groundball, 6, EV 86.9 MPH)
Batting: LHB Ray Figgins 0-0: Called Strike
0-1: Foul Ball, location: 2F
0-2: Ball
1-2: DOUBLE (Line Drive, 9LS, EV 106.2 MPH)
Pinch Hitting: SHB Bennett Moore 0-0: Ball
1-0: Ball
2-0: Ball
3-0: Called Strike
3-1: Called Strike
3-2: Foul Ball, location: 2F
3-2: Base on Balls
Batting: RHB Chase Terbush 0-0: Ball
1-0: Called Strike
1-1: Called Strike
1-2: Fielders Choice at 2nd, 5-4 (Groundball, 56, EV 88.1 MPH)
Ray Figgins to third
Batting: RHB Fred Levitz 0-0: Fly out, F9 (Flyball, 9D, EV 94.4 MPH)
Bottom of the 9th over - 0 runs, 1 hit, 0 errors, 2 left on base; Clemson 5 - Baylor 4
Wednesday, April 17th , 2024 - OOTP Baseball 23.10 Build 110